Map: Automaton LE

Players

Harstem - Winner!

  • Race: Protoss Protoss
  • Spawn Location: 9:00

InZaNe

  • Race: Terran Terran
  • Spawn Location: 3:00

Event: 2019 WCS Spring

VOD

Have the link to the VOD?

Description

Time

  • Played on: May 17, 2019, 7:44 a.m.
  • Length: 11:59

All games in this series

Show
View Real Time Build Order
Export as new Build Order

Harstem Protoss - Winner!

Build Orders: 1 Gate Expand, Oracle Opening, Blink Stalkers, Zealot Archon 

Get SALT Encoding   

  12  0:00  Probe  
  13  0:12  Probe  
  14  0:18  Pylon  
  14  0:24  Probe  
  15  0:32  Probe  
  15  0:37  Gateway  
  15  0:40  Probe  
  16  0:47  Assimilator  
  17  0:51  Probe  
  18  1:03  Probe  
  19  1:15  Probe  
  20  1:23  Nexus  
  20  1:35  Cybernetics Core  
  20  1:37  Probe  
  21  1:47  Assimilator  
  21  1:49  Probe  
  21  1:54  Pylon  
  22  2:01  Probe  
  22  2:02  Adept  
  23  2:13  Probe  
  26  2:22  Stalker  
  26  2:23  Stargate  
  26  2:25  Probe  
  27  2:31  Probe  
  30  2:38  Probe  
  30  2:39  Probe  
  32  2:50  Probe  
  33  2:57  Oracle, Probe  
  34  3:02  Probe  
  35  3:09  Probe  
  39  3:14  Probe, Pylon  
  40  3:20  Twilight Council  
  40  3:21  Probe  
  40  3:24  Gateway  
  40  3:27  Probe  
  42  3:28  Warp Gate  
  42  3:35  Probe, Gateway  
  42  3:38  Blink  
  42  3:39  Probe  
  44  3:47  Probe  
  45  3:51  Probe  
  46  3:59  Probe  
  47  4:03  Probe  
  47  4:08  Pylon  
  48  4:10  Assimilator  
  48  4:13  Phoenix  
  48  4:15  Probe  
  50  4:20  Nexus  
  50  4:23  Probe  
  52  4:24  Stalker  
  52  4:27  Probe  
  55  4:31  Stalker  
  55  4:35  Probe  
  58  4:39  Forge  
  58  4:45  Probe  
  59  4:48  Probe  
  60  4:58  Gateway  
  60  4:59  Probe, Pylon  
  61  5:01  Gateway  
  62  5:07  Gateway  
  62  5:14  Pylon  
  62  5:17  Stalker x2  
  62  5:18  Protoss Ground Armor Level 1  
  62  5:19  Stalker  
  68  5:21  Probe  
  68  5:23  Probe  
  69  5:34  Probe  
  69  5:35  Probe  
  71  5:37  Probe  
  71  5:38  Pylon  
  71  5:42  Stalker x2  
  76  5:43  Charge  
  76  5:46  Probe  
  76  5:47  Probe  
  78  5:51  Probe  
  78  5:54  Pylon  
  79  5:58  Probe  
  79  5:59  Zealot  
  79  6:00  Probe  
  79  6:01  Templar Archives  
  84  6:07  Pylon  
  84  6:08  Probe  
  84  6:11  Zealot x2, Sentry, Assimilator  
  86  6:16  Probe  
  91  6:18  Zealot x2  
  91  6:20  Probe  
  91  6:24  Pylon  
  96  6:28  Probe x2  
  96  6:30  Robotics Facility  
  98  6:34  Probe  
  99  6:46  Zealot x6, Psionic Storm  
  111  6:48  Pylon  
  111  6:52  Assimilator  
  111  7:00  Gateway  
  109  7:01  Gateway  
  109  7:07  High Templar  
  111  7:09  Photon Cannon  
  111  7:11  Probe x2  
  113  7:18  Zealot x4, High Templar  
  123  7:23  Immortal  
  123  7:25  Archon  
  123  7:27  Probe  
  122  7:33  Pylon  
  122  7:36  Pylon  
  123  7:44  High Templar  
  123  7:46  Zealot x4  
  123  7:48  Protoss Ground Weapons Level 1  
  123  7:50  Pylon  
  133  7:54  Pylon  
  133  7:56  Zealot x3  
  138  8:04  Probe  
  129  8:16  Observer, Zealot, High Templar x2  
  129  8:17  Zealot x5  
  141  8:25  Warp Prism  
  142  8:29  Nexus  
  142  8:32  Forge  
  142  8:35  Pylon  
  142  8:38  High Templar x2  
  142  8:39  Zealot x3  
  152  8:43  Archon  
  151  8:48  Pylon  
  151  8:50  Oracle  
  152  8:59  Zealot x2, Warp Prism  
  152  9:00  Zealot x2  
  160  9:04  Probe  
  160  9:08  Probe  
  162  9:13  Zealot x4  
  145  9:24  Protoss Ground Armor Level 2  
  145  9:31  Zealot x4  
  127  9:35  High Templar x2  
  127  9:36  Zealot x2  
  139  9:49  Archon  
  139  9:56  Immortal, High Templar  
  139  9:57  Zealot x5  
  149  10:05  Archon  
  141  10:16  Zealot  
  131  10:21  Archon  
  131  10:22  Zealot x3  
  131  10:23  Zealot x3  
  131  10:26  Void Ray  
  131  10:27  Immortal  
  106  10:35  Zealot  
  106  10:37  Probe  
  106  10:40  High Templar  
  119  10:42  High Templar  
  119  10:44  Zealot x2  
  119  10:47  Zealot x3  
  131  10:51  Probe  
  131  10:52  Probe  
  133  11:01  Void Ray  
  133  11:02  Zealot x3  
  143  11:17  Zealot x3  
  143  11:18  Zealot x2  
  153  11:19  Warp Prism  
  153  11:29  Stalker x3  
  133  11:39  Archon  
  127  11:40  Zealot x3  
  127  11:41  Zealot x2  
  133  11:58  High Templar x3  
Show
View Real Time Build Order
Export as new Build Order

InZaNe Terran 

Build Orders: Reaper Expand 

Get SALT Encoding   

  12  0:00  SCV  
  13  0:12  SCV  
  14  0:17  Supply Depot  
  14  0:24  SCV  
  15  0:39  SCV  
  15  0:40  Barracks  
  16  0:44  Refinery  
  16  0:51  SCV  
  17  1:03  SCV  
  18  1:15  SCV  
  19  1:27  Reaper, Orbital Command  
  20  1:42  Command Center  
  20  1:50  Supply Depot  
  21  1:54  SCV  
  21  1:59  Barracks Reactor  
  21  2:06  SCV  
  22  2:08  Refinery  
  22  2:18  SCV  
  22  2:21  Factory  
  23  2:30  SCV  
  23  2:36  Marine x2  
  26  2:42  SCV  
  27  2:54  SCV  
  27  2:55  Marine x2  
  27  2:56  Orbital Command  
  29  3:05  Starport  
  31  3:06  Widow Mine  
  31  3:07  SCV  
  32  3:13  Marine x2  
  32  3:19  SCV  
  35  3:22  SCV  
  35  3:26  Supply Depot  
  38  3:27  Widow Mine  
  38  3:32  SCV, Marine x2  
  38  3:34  SCV  
  42  3:42  Medivac  
  42  3:44  SCV  
  42  3:46  SCV  
  44  3:49  Supply Depot  
  44  3:52  Marine x2, Factory Tech Lab  
  45  3:56  SCV  
  45  3:58  SCV  
  46  4:09  Barracks  
  46  4:10  Barracks  
  46  4:11  Siege Tank  
  46  4:15  Marine  
  46  4:16  Marine  
  51  4:22  SCV, Starport Tech Lab  
  51  4:23  Refinery  
  52  4:24  SCV  
  53  4:34  SCV  
  53  4:36  SCV  
  57  4:46  SCV  
  57  4:48  SCV  
  57  4:49  Engineering Bay  
  57  4:50  Starport Reactor  
  57  4:51  Marine x2  
  59  4:56  Factory Reactor  
  59  4:58  SCV  
  60  5:00  SCV  
  60  5:05  Command Center  
  61  5:07  Stimpack  
  61  5:08  Combat Shield  
  61  5:11  SCV  
  62  5:16  Supply Depot  
  62  5:17  Terran Infantry Weapons Level 1, Marine  
  62  5:19  SCV  
  64  5:30  Medivac x2  
  64  5:31  Barracks  
  64  5:34  Supply Depot  
  68  5:35  Refinery  
  68  5:36  Widow Mine  
  68  5:41  Barracks  
  70  5:43  Widow Mine  
  70  5:44  Marine  
  70  5:46  Marine  
  70  5:48  Marine  
  75  5:51  Marauder  
  77  6:00  Supply Depot  
  77  6:01  Widow Mine  
  79  6:05  Widow Mine  
  79  6:08  Marauder, Marine  
  86  6:13  Marine  
  86  6:14  Medivac x2  
  86  6:16  Marauder  
  91  6:24  Widow Mine  
  93  6:29  Marauder  
  93  6:30  Barracks Reactor, Barracks Tech Lab  
  93  6:31  Marine  
  93  6:32  Widow Mine  
  98  6:35  SCV x2  
  100  6:43  Marauder, Marine  
  100  6:46  Medivac  
  105  6:47  SCV x2, Widow Mine  
  105  6:49  Medivac  
  105  6:59  SCV  
  104  7:02  Widow Mine  
  104  7:05  Marauder x2, Concussive Shells  
  104  7:06  Marine  
  113  7:08  Widow Mine  
  113  7:10  Marauder  
  113  7:18  Marine x3  
  113  7:19  Medivac  
  113  7:21  Medivac  
  117  7:27  Terran Infantry Armor Level 1, Marine x2  
  117  7:28  Marine  
  120  7:30  Marine  
  120  7:31  SCV x2  
  123  7:39  Marine  
  123  7:41  Marine  
  125  7:50  Orbital Command  
  125  7:53  Supply Depot x3  
  125  7:56  Ghost Academy  
  125  8:00  Liberator  
  121  8:14  Marine  
  121  8:15  Marine x3  
  121  8:17  Widow Mine x2  
  130  8:26  Ghost  
  127  8:29  Ghost  
  127  8:32  Ghost, Marine  
  127  8:33  Marine x3  
  134  8:34  Liberator  
  134  8:42  Supply Depot x3  
  134  8:49  Supply Depot  
  134  8:50  Liberator, Marine x2  
  134  8:51  Marine  
  134  8:55  Ghost  
  138  9:00  Marine  
  138  9:02  SCV x3  
  137  9:08  Marine x2  
  137  9:09  Marine  
  143  9:14  SCV x3  
  143  9:15  Marauder x2  
  144  9:18  Marine  
  144  9:24  Marine  
  135  9:25  Marine  
  135  9:26  SCV x2  
  135  9:30  Marine x2  
  125  9:36  Marauder, Ghost, Marine  
  130  9:42  Marauder  
  132  9:45  Marine  
  133  9:58  Marauder  
  132  10:03  Marauder  
  132  10:04  Ghost, Marine  
  125  10:18  Ghost  
  121  10:27  Marine  
  68  10:49  Marine  
  68  10:50  Marine  
  70  11:05  Marauder x2  
  70  11:09  Marine  
  73  11:18  Marauder  
  51  11:36  Marauder, Marine x2  
Tags
 
Add a new tag
Caveats
  • Supply blocks, unpowered buildings, or Contaminate may cause inaccurate times.
  • Supply counts are checked every 10 seconds.